 Dungeon Crawl Stone Soup version 0.32-a0-893-gf85d74f360 (webtiles) character file.

Game seed: 16749188538026104225

1166 Alarak the Spear-Bearer (level 8, -6/64 HPs)
             Began as a Barachi Hunter on Apr 3, 2024.
             Mangled by a gnoll
             ... wielding a +0 halberd
              (11 damage)
             ... on level 5 of the Dungeon.
             The game lasted 00:18:12 (4386 turns).

Alarak the Spear-Bearer (Barachi Hunter)            Turns: 4386, Time: 00:18:13

Health: -6/64      AC:  8    Str: 12    XL:     8   Next: 40%
Magic:  0/8        EV:  5    Int: 10    God:
Gold:   313        SH:  0    Dex: 20    Spells: 7/7 levels left

rFire   . . .        f - +12 glaive of Prune {freeze, Prune}
rCold   . . .        (shield currently unavailable)
rNeg    . . .        t - +0 chain mail
rPois   +            (no helmet)
rElec   .            (no cloak)
rCorr   +            (no gloves)
SInv    +            (no boots)
Will    .....        p - amulet "Lixzui Boec" {Spirit +Inv rPois rCorr Dex+2} Stlth
                     d - ring of flight
HPRegen 0.30/turn    r - ring of see invisible
MPRegen 0.11/turn

%: guardian spirit
@: unable to hop, flying, slow
A: amphibious, slowness 1, strong legs 1, +LOS
a: Hop, Evoke Invisibility


You were on level 5 of the Dungeon.
You visited 1 branch of the dungeon, and saw 5 of its levels.

You collected 313 gold pieces.

Inventory:

Hand Weapons
 a - a +0 shortbow
 f - the +12 glaive of Prune (weapon) {freeze, Prune}
   (You found it on level 3 of the Dungeon)

   Prune:     It halves damage taken while paralysed, petrified or unconscious.
Missiles
 g - 4 atropa-tipped darts
Armour
 t - a +0 chain mail (worn)
Jewellery
 d - a ring of flight (left hand)
 p - the amulet "Lixzui Boec" (around neck) {Spirit +Inv rPois rCorr Dex+2}
   (You found it on level 3 of the Dungeon)

   [amulet of guardian spirit]

   Spirit:    It causes incoming damage to be divided between your reserves of
   health and magic.
   Dex+2:     It affects your dexterity (+2).
   rPois:     It protects you from poison.
   +Inv:      It lets you turn invisible.
   rCorr:     It protects you from acid and corrosion.
 r - a ring of see invisible (right hand)
Wands
 l - a wand of flame (29)
Scrolls
 b - a scroll of butterflies
 o - 2 scrolls of fog
 q - 3 scrolls of identify
Potions
 c - a potion of cancellation {unknown}
 h - a potion of degeneration {unknown}
 i - a potion of invisibility {unknown}
 j - a potion of attraction {unknown}
 k - 3 potions of haste {unknown}
 m - a potion of enlightenment {unknown}
 n - a potion of brilliance {unknown}
 s - a potion of resistance {unknown}
 u - a potion of heal wounds {unknown}
 v - a potion of magic {unknown}
 w - a potion of might {unknown}


   Skills:
 - Level 6.0 Fighting
 + Level 8.3 Polearms
 - Level 4.3 Ranged Weapons
 - Level 2.1 Dodging
 - Level 0.8 Stealth


You had 7 spell levels left.
You didn't know any spells.
Your spell library contained the following spells:

 Spells                   Type           Power      Damage    Failure   Level
 Apportation              Tloc           0%         N/A       100%        1
 Necrotise                Necr           0%         1d4       100%        1
 Sting                    Conj/Alch      0%         1d3       100%        1
 Summon Small Mammal      Summ           0%         N/A       100%        1
 Cigotuvi's Dreadful Rot  Necr/Alch/Air  0%         N/A       100%        2
 Jinxbite                 Hex            0%         N/A       100%        2
 Inner Flame              Hex/Fire       0%         N/A       100%        3
 Dispel Undead            Necr           0%         3d6       100%        4
 Ignite Poison            Fire/Alch      0%         N/A       100%        4
 Martyr's Knell           Necr/Summ      0%         N/A       100%        4
 Sticky Flame             Fire/Alch      0%         2d4       100%        4
 Irradiate                Conj/Alch      0%         3d11      100%        5
 Yara's Violent Unravell  Hex/Alch       0%         3d3       100%        5
 Enfeeble                 Hex            0%         N/A       100%        7
 Ignition                 Fire           0%         3d3       100%        8


Dungeon Overview and Level Annotations

Branches:
Dungeon (5/15)
 Temple: D:4-7

Altars:
Dithmenos
Trog
Uskayaw

Shops:
D:3 [


Innate Abilities, Weirdness & Mutations

You are amphibious.
You cover ground slowly.
You can hop short distances.
You have an extended range of vision and can be seen from far away.


Message History

The ogre completely misses your butterfly.
The gnoll hits your butterfly with a +0 halberd!
Your butterfly dies!
Your butterfly disappears in a burst of colours!
The gnoll barely misses your butterfly.
The gnoll hits your butterfly with a +0 club.
Your butterfly dies!
Your butterfly disappears in a burst of colours!
The gnoll closely misses your butterfly.
The centaur unwields a +0 orcbow.
The centaur closely misses your butterfly.
The centaur kicks your butterfly.
Your butterfly dies!
Your butterfly disappears in a burst of colours!
The ogre closely misses your butterfly.
The centaur wields a +0 orcbow.
The centaur shoots an arrow.
The arrow hits you!
* * * LOW HITPOINT WARNING * * *
Something hits your butterfly.
Your butterfly dies!
Your butterfly disappears in a burst of colours!
The ogre hits your butterfly with a +0 giant spiked club!!
Your butterfly dies!
Your butterfly disappears in a burst of colours!
The centaur wields a +0 orcbow.
The centaur shoots an arrow.
The arrow hits you!
* * * LOW HITPOINT WARNING * * *
The gnoll barely misses your butterfly.
Your butterfly disappears in a burst of colours!
The centaur unwields a +0 orcbow.
The centaur closely misses your butterfly.
The centaur completely misses your butterfly.
The gnoll hits your butterfly with a +0 spear!
Your butterfly dies!
Your butterfly disappears in a burst of colours!
The gnoll attacks as it pursues you! The gnoll closely misses you.
The centaur barely misses your butterfly. x2
The gnoll attacks as it pursues you!
The gnoll hits you from afar with a +0 halberd!
You die...

##### ##...### ##......#
#.......# ... ####.......#
##### ...... #..........##
#...# .......
##.###.b.....###.#.# .....c.
#..##...@.....#....# .[.....
#.###.......#......###
......###.###..>g............#
......##..##........#.#####..#
.......#)###.##.b...........##
..........[..####.c.#....####
.......#######.....##....#
..g....#####...#.g.#.....#
....c........###.g.......#


You could see a centaur and 3 gnolls.

Vanquished Creatures
  A black bear (D:5)
  A sky beast (D:4)
  An ogre (D:5)
  A kobold brigand (D:4)
  Blork the orc (D:4)
  2 scorpions (D:5)
  A hound (D:5)
  A jelly (D:5)
  An orc priest (D:3)
  A sleepcap (D:4)
  6 iguanas
  10 gnolls
  3 adders
  10 river rats (D:5)
  A shadow imp (D:5)
  A dart slug (D:3)
  2 ribbon worms
  11 orcs
  5 ball pythons
  11 endoplasms
  6 giant cockroaches
  12 goblins
  7 hobgoblins
  14 quokkas
  8 bats
  3 frilled lizards
  23 kobolds
  26 rats
170 creatures vanquished.

Notes
Turn   | Place    | Note
-------+----------+-------------------------------------------
     0 | D:1      | Alarak the Barachi Hunter began the quest for the Orb.
     0 | D:1      | Reached XP level 1. HP: 17/17 MP: 1/1
   243 | D:1      | Reached XP level 2. HP: 24/24 MP: 2/2
   479 | D:1      | Reached XP level 3. HP: 30/30 MP: 3/3
  1232 | D:2      | Reached skill level 5 in Fighting
  1235 | D:2      | Reached XP level 4. HP: 39/39 MP: 4/4
  1569 | D:3      | Found Vioguz's Antique Armour Shop.
  1730 | D:3      | Reached XP level 5. HP: 46/46 MP: 5/5
  1742 | D:3      | Found a bloodstained altar of Trog.
  1742 | D:3      | Noticed a moth of wrath
  1742 | D:3      | Found the +12 glaive of Prune {freeze, Prune}
  1918 | D:3      | Identified the amulet "Lixzui Boec" {Spirit +Inv rPois
                  | rCorr Dex+2}
  2009 | D:3      | Reached skill level 1 in Polearms
  2127 | D:3      | Reached skill level 2 in Polearms
  2549 | D:4      | Noticed Blork the orc
  2606 | D:4      | Killed Blork the orc
  2607 | D:4      | Reached skill level 3 in Polearms
  2607 | D:4      | Reached XP level 6. HP: 52/52 MP: 6/6
  2682 | D:4      | Noticed a sky beast
  2691 | D:4      | Killed a sky beast
  2692 | D:4      | Reached skill level 4 in Polearms
  2946 | D:4      | Reached XP level 7. HP: 58/58 MP: 7/7
  3194 | D:4      | Reached skill level 5 in Polearms
  3522 | D:4      | Found a shadowy altar of Dithmenos.
  3906 | D:5      | Entered Level 5 of the Dungeon
  3913 | D:5      | Reached skill level 6 in Polearms
  3962 | D:5      | Found a hide-covered altar of Uskayaw.
  4031 | D:5      | Reached skill level 7 in Polearms
  4031 | D:5      | Reached XP level 8. HP: 41/64 MP: 4/8
  4346 | D:5      | Reached skill level 8 in Polearms
  4386 | D:5      | Mangled by a gnoll

Illustrated notes

Levels and vault maps discovered:
D:1:      dreamdust_arrival_beginning_and_end, layout_loops_corners,
          solitary_fountain
D:2:      layout_rooms, grunt_decor_cap
D:3:      layout_loops_ring, tgw_trog, serial_shops, shop_coins, serial_glass,
          glass_columns_b, glass_columns_a
D:4:      kennysheep_kobold_camp, layout_loops_corners,
          nicolae_dithmenos_shadow_blocks, serial_library,
          serial_library_hellmonk_room_a, serial_library_hellmonk_room_b,
          serial_library_hellmonk_u_bend, serial_library_hellmonk_big_corner,
          serial_library_hellmonk_filled_rooms,
          serial_library_hellmonk_secret_room,
          serial_library_hellmonk_small_corner, minmay_increasing_density,
          uniq_blork_the_orc
D:5:      lemuel_ratsnest, layout_rooms, lemuel_doored_altar

Skill      XL: |  1  2  3  4  5  6  7  8 |
---------------+-------------------------+-----
Fighting       | 3 4 5 6 |  6.0
Polearms       | 3 4 7 8 |  8.3
Ranged Weapons | |  4.3
Dodging        | |  2.1
Stealth        | |  0.8

Action                     |  1- 3 |  4- 6 |  7- 9 || total
---------------------------+-------+-------+-------++-------
  Melee: Glaive            |       |    49 |   137 ||   186
   Fire: Shortbow          |   121 |    65 |       ||   186
Ability: Hop               |     3 |     4 |     2 ||     9
    Use: Scroll            |     4 |     5 |     1 ||    10
         Potion            |       |       |     1 ||     1
   Stab: Sleeping          |       |     1 |       ||     1
 Armour: Leather armour    |    36 |     4 |       ||    40
         Ring mail         |       |    23 |       ||    23
         Chain mail        |       |    16 |   124 ||   140
  Dodge: Dodged            |    34 |    30 |    48 ||   112

Table legend: (Time is in decaauts)
 A = Elapsed time spent in this place.
 B = Non-inter-level travel time spent in this place.
 C = Inter-level travel time spent in this place.
 D = Time resting spent in this place.
 E = Time spent auto-exploring this place.
 F = Levels seen in this place.
 G = Mean time per level.
                   A        B        C        D        E       F      G
               +--------+--------+--------+--------+--------+-----+--------+
         Total |   5127 |   4882 |    245 |    524 |   3400 |   5 | 1025.4 |
       Dungeon |   5127 |   4882 |    245 |    524 |   3400 |   5 | 1025.4 |
               +--------+--------+--------+--------+--------+-----+--------+

Top non-repeatable levels by time:
     D:4: 1559 daAuts
     D:3: 1077 daAuts
     D:1: 1065 daAuts
     D:2: 863 daAuts
     D:5: 562 daAuts
